 Dungeon Crawl Stone Soup version 0.19.0-2-gae57169 (webtiles) character file.

18744 Chiseanne the Nimble (level 12, -2/81 HPs)
             Began as a High Elf Artificer on Nov 5, 2016.
             Was an Elder of Nemelex Xobeh.
             Slain by an orc knight
             ... wielding a +0 great sword
              (17 damage)
             ... on level 2 of the Orcish Mines.
             The game lasted 00:57:09 (14098 turns).

Chiseanne the Nimble (High Elf Artificer)          Turns: 14098, Time: 00:57:11

Health: -2/81      AC: 19    Str: 15    XL:     12   Next: 30%
Magic:  0/20       EV: 15    Int: 16    God:    Nemelex Xobeh [****..]
Gold:   1036       SH:  0    Dex: 17    Spells: 0 memorised, 11 levels left

rFire  . . .     SeeInvis .     a - +5 great sword (freeze)
rCold  . . .     Gourm    .     y - +5 scale mail {MR+}
rNeg   . . .     Faith    .     (shield currently unavailable)
rPois  +         Spirit   +     (no helmet)
rElec  .         Reflect  .     p - +2 cloak
rCorr  .         Harm     .     M - +0 pair of gloves
MR     ++...                    v - +0 pair of boots
Stlth  ..........               e - amulet of guardian spirit
                                (no ring)
                                j - ring of poison resistance

@: silence, very slightly contaminated, hasted, heavily drained, very quick
A: no striking features
a: Renounce Religion


You were on level 2 of the Orcish Mines.
You worshipped Nemelex Xobeh.
Nemelex Xobeh was greatly pleased with you.
You were not hungry.

You visited 3 branches of the dungeon, and saw 16 of its levels.
You visited 1 bazaar.

You collected 1664 gold pieces.
You spent 628 gold pieces at shops.

Inventory:

Hand Weapons
 a - a +5 great sword of freezing (weapon)
 w - a +0 blowgun
 C - a +1 arbalest of flaming
Missiles
 k - 536 stones
 m - 16 poisoned needles
 u - 260 arrows
 B - 59 sling bullets
 H - 13 tomahawks (quivered)
 O - 53 bolts
 Q - 4 javelins of returning
Armour
 p - a +2 cloak (worn)
 v - a +0 pair of boots (worn)
 y - a +5 scale mail of magic resistance (worn)
 M - a +0 pair of gloves (worn)
 R - a +0 troll leather armour
 X - a +2 scale mail of cold resistance
Jewellery
 e - an amulet of guardian spirit (around neck)
 j - a ring of poison resistance (left hand)
 J - an uncursed ring of ice
Scrolls
 b - 5 scrolls of amnesia
 n - 2 scrolls of fog
 t - 3 scrolls of remove curse
 x - 4 scrolls of identify
 F - 5 scrolls of teleportation
 N - a scroll of blinking
 T - 2 scrolls of fear
Potions
 c - a potion of flight
 g - 5 potions of curing
 i - 4 potions of brilliance
 l - 2 potions of lignification
 r - a potion of mutation
 z - a potion of cancellation
 D - 3 potions of haste
 K - a potion of ambrosia
 L - a potion of magic
 P - 2 potions of heal wounds
 U - a potion of agility
Miscellaneous
 s - an ornate deck of escape {god gift}
Comestibles
 d - 5 chunks of flesh
 f - 5 bread rations
 h - 40 fruits
 o - 3 beef jerkies
 q - 7 meat rations
 E - a slice of pizza


   Skills:
 - Level 7.2(5.5) Fighting
   Level 1.2(4.3) Short Blades
 * Level 9.2(7.5) Long Blades
 * Level 9.7(7.9) Armour
 * Level 11.3(9.4) Dodging
 - Level 1.1(0.0) Stealth
   Level 10.2(8.4) Evocations


You had 11 spell levels left.
You didn't know any spells.

Dungeon Overview and Level Annotations

Branches:
Dungeon (13/15)            Temple (1/1) D:5            Lair (0/6) D:8
    Orc (2/2) D:11            Elf (0/3) Orc:2
 Vaults: D:13-14

Altars:
Elyvilon
Gozag
Hepliaklqana
Kikubaaqudgha
Makhleb
Nemelex Xobeh
Okawaru
Qazlal
Sif Muna
Trog
Uskayaw
Vehumet
Xom
Yredelemnul
Zin
The Shining One

Shops:
D:6 [   Orc:2 %:


Message History

The orc wizard hits you but does no damage.
The orc knight hits you but does no damage.
You miss the orc sorcerer.
The orc sorcerer is almost dead.
The orc priest closely misses you.
You riposte.
You hit the orc priest but do no damage.
The orc knight is engulfed in roaring flames.
The orc knight misses you.
The orc knight hits you with a dire flail!
* * * LOW HITPOINT WARNING * * *
The orc sorcerer hits you but does no damage.
The orc high priest hits you but does no damage.
The orc wizard closely misses you.
You riposte.
You hit the orc wizard. You freeze the orc wizard.
The orc wizard is moderately wounded.
You slash the orc sorcerer! You freeze the orc sorcerer.
You kill the orc sorcerer!
The orc knight hits you with a great sword!!
You die...
Your body glows slightly and disappears.

.............## ###.............
............##....##.............
............#∩....∩#.............
...#.......##......##............
...........#...÷..÷.#.#..........
...#.......#.....÷..#.#....[.....
...........#....o..÷###..........
...........#...))o...##.......>..
...........#÷.÷o@o÷÷.##..[)).....
...........##...oo..##....#).....
..........####....####...##.....≈
..........# #..÷..##....#..[.P..
#..#...#.## ###..÷.))..##......P
#...#.#### ##......##...)[...
##.#### ###...##......... ###
######..)...... .##
##.....#...[....


You could see 3 orc knights, an orc high priest, an orc priest and an orc
wizard.

Vanquished Creatures
  Erolcha (D:11)
  An orc high priest (Orc:2)
  A hill giant (D:11)
  An unseen horror (D:10)
  A wizard (D:9)
  A mana viper (Orc:2)
  2 orc sorcerers (Orc:2)
  A kobold demonologist (D:11)
  A rime drake (D:10)
  A wolf spider (D:12)
  A hornet (D:10)
  A two-headed ogre (Orc:1)
  A hippogriff (D:11)
  13 yaks
  A warg (Orc:1)
  A hungry ghost (D:7)
  A mottled dragon (D:11)
  A water moccasin (Orc:2)
  A porcupine (D:11)
  5 ice beasts
  8 orc warriors
  2 black bears
  2 sky beasts
  3 phantoms
  An eye of draining (D:8)
  A wolf (D:11)
  6 ogres
  4 centaurs
  7 bullfrogs
  4 big kobolds
  A water moccasin zombie (D:10)
  4 scorpions
  A wyvern skeleton (D:11)
  11 killer bees
  A howler monkey (D:11)
  3 wights (D:11)
  4 crimson imps
  3 centaur zombies
  2 quasits (D:8)
  5 hounds
  2 jellies
  2 centaur skeletons
  8 orc priests
  10 orc wizards
  A bullfrog skeleton (D:6)
  An iguana (D:6)
  Natasha (thrice) (D:4)
  2 hell rats (Orc:2)
  6 worker ants
  3 hound skeletons
  A worker ant zombie (D:8)
  6 adders
  4 gnolls
  A shadow imp (D:10)
  2 oozes
  An adder zombie (D:6)
  2 worms
  2 leopard geckos
  64 orcs
  7 bats
  4 giant cockroaches
  6 goblins
  9 hobgoblins
  16 jackals
  2 quokkas
  2 frilled lizards
  31 kobolds
  A leopard gecko skeleton (D:5)
  2 leopard gecko zombies
  A quokka zombie (D:6)
  A rat (D:3)
  A plant (Orc:2)
314 creatures vanquished.

Vanquished Creatures (collateral kills)
  The ghost of feelmyfire the Basher, a novice MiFi of Okawaru (D:10)
  An orc high priest (Orc:2)
  An unseen horror (D:10)
  A wizard (D:12)
  2 orc knights (Orc:2)
  An ugly thing (D:12)
  An orc sorcerer (Orc:2)
  2 manticores (D:11)
  2 trolls
  A hippogriff (D:12)
  A vampire (D:12)
  4 yaks
  2 hungry ghosts
  2 ogres
  6 orc warriors
  An eye of draining (D:10)
  An ice beast (D:9)
  2 centaurs
  2 big kobolds
  A crocodile (D:11)
  2 bullfrogs (D:10)
  6 killer bees
  4 wights
  2 crimson imps (D:9)
  2 bullfrog zombies
  A hound (D:12)
  A jelly (D:12)
  7 orc priests
  8 orc wizards
  A worker ant (D:8)
  A gnoll (D:4)
  2 adders
  A shadow imp (D:12)
  An adder zombie (D:10)
  20 orcs
  A goblin (D:1)
  A hobgoblin (D:4)
  A jackal (D:1)
  11 kobolds
108 creatures vanquished.

Vanquished Creatures (others)
  A yak (D:7)
  2 big kobolds (D:4)
  3 gnolls (D:4)
  A worm (D:4)
  2 orcs
9 creatures vanquished.

Grand Total: 431 creatures vanquished

Notes
Turn   | Place    | Note
-------+----------+-------------------------------------------
     0 | D:1      | Chiseanne the High Elf Artificer began the quest for the Orb.
     0 | D:1      | Reached XP level 1. HP: 13/13 MP: 4/4
   445 | D:1      | Reached XP level 2. HP: 17/18 MP: 5/5
  1639 | D:2      | Reached XP level 3. HP: 23/23 MP: 6/6
  2337 | D:3      | Reached XP level 4. HP: 24/29 MP: 7/7
  2761 | D:4      | Found a stormy altar of Qazlal.
  2771 | D:4      | Noticed Natasha
  2774 | D:4      | Noticed a phantom
  2775 | D:4      | Killed Natasha
  2775 | D:4      | Reached skill level 1 in Armour
  2775 | D:4      | Reached skill level 3 in Dodging
  2795 | D:4      | Killed a phantom
  2795 | D:4      | Reached XP level 5. HP: 36/36 MP: 9/9
  3379 | D:4      | Noticed a phantom
  3421 | D:4      | Killed a phantom
  3421 | D:4      | Reached XP level 6. HP: 42/42 MP: 10/10
  3446 | D:4      | Reached skill level 4 in Dodging
  3603 | D:4      | Found an iron altar of Okawaru.
  3693 | D:4      | Noticed Natasha
  3696 | D:4      | Killed Natasha
  3882 | D:4      | Reached skill level 5 in Evocations
  4102 | D:4      | Noticed Natasha
  4160 | D:4      | Reached XP level 7. HP: 44/47 MP: 11/11
  4365 | D:4      | Killed Natasha
  4563 | D:5      | Entered Level 5 of the Dungeon
  4639 | D:5      | Found a staircase to the Ecumenical Temple.
  4677 | Temple   | Entered the Ecumenical Temple
  4698 | Temple   | Became a worshipper of Nemelex Xobeh the Trickster
  4750 | D:5      | Received a gift from Nemelex Xobeh
  4859 | D:5      | Found an opulent altar of Gozag.
  4862 | D:5      | Found a burning altar of Makhleb.
  4865 | D:5      | Found an ancient bone altar of Kikubaaqudgha.
  5080 | D:6      | Found Zamnue's Armour Emporium.
  5234 | D:6      | Reached skill level 5 in Dodging
  5524 | D:6      | Reached XP level 8. HP: 31/54 MP: 13/13
  5783 | D:6      | Reached skill level 5 in Fighting
  6291 | D:6      | Bought a +0 pair of boots for 58 gold pieces
  6757 | D:7      | Reached skill level 6 in Dodging
  6780 | D:7      | Received a gift from Nemelex Xobeh
  6907 | D:7      | Noticed Joseph
  6910 | D:7      | Noticed Joseph
  6910 | D:7      | Joseph changed into Joseph the bullfrog
  6911 | D:7      | Reached * piety under Nemelex Xobeh
  6928 | D:7      | Killed Joseph the bullfrog
  7024 | D:7      | Found a glowing silver altar of Zin.
  7025 | D:7      | Found a bloodstained altar of Trog.
  7026 | D:7      | Found a hide-covered altar of Uskayaw.
  7026 | D:7      | Found a hazy altar of Hepliaklqana.
  7283 | D:7      | Received a gift from Nemelex Xobeh
  7394 | D:7      | Reached XP level 9. HP: 57/62 MP: 12/15
  7400 | D:7      | Reached skill level 5 in Armour
  7886 | D:8      | Reached skill level 7 in Dodging
  8503 | D:8      | Found a staircase to the Lair.
  8591 | D:8      | Received a gift from Nemelex Xobeh
  8594 | D:8      | Reached ** piety under Nemelex Xobeh
  9453 | D:9      | Reached skill level 8 in Dodging
  9459 | D:9      | Reached XP level 10. HP: 71/71 MP: 16/16
  9480 | D:9      | Received a gift from Nemelex Xobeh
  9566 | D:9      | Noticed a wizard
  9574 | D:9      | Killed a wizard
  9757 | D:10     | Entered Level 10 of the Dungeon
  9776 | D:10     | Killed an unseen horror
  9823 | D:10     | Killed an unseen horror
  9847 | D:10     | Noticed feelmyfire's ghost (novice MiFi)
  9877 | D:10     | Killed feelmyfire's ghost
 10056 | D:10     | Received a gift from Nemelex Xobeh
 10148 | D:10     | Reached skill level 9 in Dodging
 10256 | D:10     | Reached skill level 5 in Long Blades
 10536 | D:11     | Noticed a hill giant
 10545 | D:11     | Killed a hill giant
 10545 | D:11     | Reached XP level 11. HP: 74/75 MP: 18/18
 10762 | D:11     | Received a gift from Nemelex Xobeh
 10823 | D:11     | Noticed a sun demon
 10830 | D:11     | Noticed a sixfirhy
 10890 | D:11     | Reached *** piety under Nemelex Xobeh
 10933 | D:11     | Found a hide-covered altar of Uskayaw.
 10933 | D:11     | Noticed Erolcha
 10964 | D:11     | Reached skill level 10 in Dodging
 10976 | D:11     | Killed Erolcha
 11012 | D:11     | Found a staircase to the Orcish Mines.
 11049 | D:11     | Found a burning altar of Makhleb.
 11710 | D:12     | Noticed a wizard
 11722 | D:12     | Killed a wizard
 11737 | D:12     | Noticed a cyan ugly thing
 11748 | D:12     | Killed a cyan ugly thing
 11788 | D:12     | Reached skill level 10 in Evocations
 11815 | D:12     | Received a gift from Nemelex Xobeh
 11917 | D:12     | Noticed a white ugly thing
 11921 | D:12     | a white ugly thing changed into a wolf spider
 11954 | D:12     | Reached **** piety under Nemelex Xobeh
 12083 | D:12     | Received a gift from Nemelex Xobeh
 12490 | Orc:1    | Entered Level 1 of the Orcish Mines
 12844 | Orc:1    | Found a bloodstained altar of Trog.
 12880 | Orc:1    | Found an iron altar of Okawaru.
 12998 | Orc:2    | Entered Level 2 of the Orcish Mines
 12998 | Orc:2    | Found a shimmering altar of Xom.
 13129 | Orc:2    | Noticed an orc knight
 13140 | Orc:2    | Killed an orc knight
 13192 | Orc:2    | Noticed an orc knight
 13211 | Orc:2    | Reached XP level 12. HP: 81/81 MP: 20/20
 13345 | Orc:2    | Found a staircase to the Elven Halls.
 13346 | Orc:2    | Found a flickering gateway to a bazaar.
 13406 | Bazaar   | Entered a bazaar
 13406 | Bazaar   | Found Testriuma's Book Shop.
 13411 | Bazaar   | Found Jagro's Weapon Shoppe.
 13414 | Bazaar   | Found Kuquurgha's Magic Scroll Emporium.
 13417 | Bazaar   | Found Bugh's Assorted Antiques.
 13425 | Bazaar   | Bought a scroll of identify for 52 gold pieces
 13425 | Bazaar   | Bought a scroll labeled MEONOFR OSKUUCK for 26 gold pieces
 13434 | Bazaar   | Bought a scroll of enchant weapon for 67 gold pieces
 13434 | Bazaar   | Bought a scroll of summoning for 85 gold pieces
 13434 | Bazaar   | Bought a scroll of blinking for 67 gold pieces
 13434 | Bazaar   | Bought a scroll of silence for 67 gold pieces
 13434 | Bazaar   | Bought a scroll of identify for 18 gold pieces
 13434 | Bazaar   | Bought a scroll of identify for 18 gold pieces
 13434 | Bazaar   | Bought a scroll of enchant armour for 67 gold pieces
 13434 | Bazaar   | Bought a scroll of fog for 18 gold pieces
 13434 | Bazaar   | Bought a scroll of teleportation for 27 gold pieces
 13434 | Bazaar   | Bought a scroll of fear for 31 gold pieces
 13434 | Bazaar   | Bought a scroll of teleportation for 27 gold pieces
 13580 | Orc:2    | Noticed an orc high priest
 13599 | Orc:2    | Killed an orc high priest
 13599 | Orc:2    | Reached skill level 11 in Dodging
 13991 | Orc:2    | Received a gift from Nemelex Xobeh
 14085 | Orc:2    | Noticed an orc high priest
 14086 | Orc:2    | Noticed an orc high priest
 14087 | Orc:2    | Found Exit's Book Shoppe.
 14087 | Orc:2    | Found Kepneism's Food Shop.
 14092 | Orc:2    | Killed an orc high priest
 14098 | Orc:2    | Slain by an orc knight

Skill      XL: |  1  2  3  4  5  6  7  8  9 10 11 12 |
---------------+-------------------------------------+-----
Fighting       | 2 3 4 6 7 |  7.2
Armour         | 1 2 3 4 6 7 9 |  9.7
Dodging        | 3 4 5 6 8 9 10 11 | 11.3
Evocations     | 4 5 6 7 9 10 | 10.2
Long Blades    | 5 8 9 |  9.2
Short Blades   | |  1.2
Stealth        | |  1.1

Action                   |  1- 3 |  4- 6 |  7- 9 | 10-12 || total
-------------------------+-------+-------+-------+-------++-------
Melee: Short sword       |   140 |   158 |   758 |       ||  1056
       Dagger            |       |       |   104 |       ||   104
       Flail             |       |       |     7 |       ||     7
       Great sword       |       |       |     6 |   362 ||   368
 Fire: Blowgun           |       |     3 |       |       ||     3
Throw: Stone             |       |       |     1 |       ||     1
       Tomahawk          |       |       |       |     9 ||     9
Evoke: Wand              |     5 |    33 |    23 |     4 ||    65
       Deck              |       |       |    29 |    54 ||    83
       Sack of spiders   |       |       |       |     2 ||     2
  Use: Scroll            |     9 |     4 |    11 |    11 ||    35
       Potion            |       |     1 |     2 |     2 ||     5
 Stab: Sleeping          |     1 |       |       |       ||     1
       Confused          |       |       |     6 |       ||     6
       Distracted        |       |       |     1 |     1 ||     2
       Invisible         |       |       |       |     1 ||     1
  Eat: Chunk             |     4 |     6 |    19 |    16 ||    45
Armor: Leather armour    |    13 |       |       |       ||    13
       Ring mail         |    26 |    33 |    26 |       ||    85
       Scale mail        |       |       |   255 |   238 ||   493
       Skin              |       |       |    12 |       ||    12
Dodge: Dodged            |    62 |    89 |   403 |   339 ||   893
       Rpst.: Great sword |       |       |     5 |    92 ||    97
